Map: [ESL] Altitude

Players

Elazer - Winner!

  • Race: Zerg Zerg
  • Spawn Location: 1:00

Creator

  • Race: Protoss Protoss
  • Spawn Location: 7:00

Event: ESL SC2 Masters 2023 Summer (Finals)

VOD

Have the link to the VOD?

Description

Time

  • Played on: June 16, 2023, 10:49 a.m.
  • Length: 14:34

All games in this series

Show
View Real Time Build Order
Export as new Build Order

Elazer Zerg - Winner!

Build Orders: Hatch First 

Get SALT Encoding   

  12  0:00  Drone  
  13  0:12  Overlord  
  13  0:17  Drone  
  14  0:30  Drone x2  
  16  0:48  Hatchery  
  15  0:52  Drone  
  15  0:56  Drone  
  17  0:59  Drone  
  18  1:11  Extractor  
  18  1:15  Spawning Pool  
  18  1:18  Drone  
  17  1:21  Drone  
  18  1:27  Drone  
  19  1:39  Drone  
  20  1:50  Overlord  
  20  2:01  Queen x2  
  20  2:02  Drone, Zergling x2  
  26  2:11  Drone, Zergling x2  
  26  2:15  Metabolic Boost  
  28  2:22  Drone, Zergling x2  
  30  2:31  Drone  
  30  2:32  Drone  
  32  2:39  Queen  
  35  2:44  Drone, Overlord  
  35  2:56  Hatchery  
  34  3:00  Zergling x2  
  34  3:01  Zergling x2  
  36  3:11  Drone x4  
  40  3:14  Queen  
  42  3:21  Overlord  
  42  3:26  Queen  
  42  3:36  Drone x3  
  44  3:43  Drone x3  
  44  3:45  Drone  
  48  3:52  Queen  
  50  3:56  Overlord  
  48  4:03  Drone x4  
  48  4:09  Drone x3  
  54  4:13  Spore Crawler  
  54  4:15  Drone  
  54  4:16  Drone  
  55  4:20  Drone x2  
  55  4:21  Drone  
  55  4:23  Drone  
  59  4:27  Overlord  
  59  4:34  Overlord  
  59  4:46  Drone x5  
  59  4:47  Drone x2, Overlord  
  66  4:55  Zergling x4  
  66  4:56  Drone x3  
  66  4:59  Evolution Chamber  
  70  5:01  Drone  
  70  5:04  Overlord  
  69  5:07  Drone x4  
  69  5:10  Drone x3  
  76  5:17  Extractor, Overlord  
  76  5:18  Drone x2  
  77  5:25  Zergling x8  
  80  5:30  Extractor, Zerg Melee Weapons Level 1  
  80  5:31  Extractor, Overlord  
  78  5:36  Drone x5  
  78  5:41  Drone x3  
  86  5:43  Lair  
  86  5:44  Hatchery  
  86  5:46  Drone x3  
  88  5:53  Overlord  
  88  5:54  Drone x2  
  88  5:56  Roach Warren  
  89  6:02  Drone x5  
  86  6:07  Overlord  
  86  6:08  Zergling x2  
  86  6:09  Zergling x6  
  90  6:14  Zergling x6  
  89  6:26  Drone x3  
  89  6:28  Drone x2  
  89  6:30  Drone x3  
  89  6:31  Drone, Baneling Nest  
  96  6:41  Overlord, Glial Reconstitution  
  96  6:42  Drone  
  96  6:43  Drone x3  
  96  6:46  Drone x3  
  102  6:55  Overlord  
  102  6:56  Spore Crawler  
  102  6:58  Drone x6  
  107  7:04  Extractor, Drone  
  107  7:06  Drone x2  
  107  7:07  Drone  
  110  7:09  Roach x3  
  110  7:12  Roach  
  110  7:13  Roach, Hatchery  
  110  7:15  Roach  
  121  7:20  Overlord  
  120  7:26  Zergling x6  
  120  7:29  Centrifugal Hooks, Zerg Melee Weapons Level 2  
  117  7:30  Overlord  
  117  7:32  Extractor, Drone x3  
  117  7:34  Roach x6  
  131  7:40  Overseer  
  131  7:42  Zergling x14  
  136  7:53  Zergling x8  
  136  7:58  Overlord x2  
  139  7:59  Ravager x3  
  139  8:00  Zergling x12  
  148  8:09  Zergling x4  
  148  8:10  Zergling x2  
  149  8:24  Zergling x2  
  149  8:25  Zergling x26  
  162  8:32  Roach x5  
  162  8:34  Overlord x4  
  172  8:43  Overseer  
  172  8:48  Roach  
  174  8:55  Roach x3  
  180  8:58  Zergling x30  
  192  9:04  Overlord  
  192  9:06  Zergling x10  
  197  9:13  Baneling x23  
  197  9:14  Baneling x10  
  196  9:17  Zergling x2  
  196  9:28  Zergling x2  
  196  9:29  Zergling x4  
  196  9:30  Baneling x9  
  196  9:31  Baneling x25  
  199  9:44  Zergling x26  
  182  10:04  Roach x8  
  174  10:07  Zergling x14  
  174  10:08  Roach x2, Zergling x20  
  174  10:10  Zerg Missile Weapons Level 1  
  186  10:16  Roach x3  
  186  10:19  Roach x2, Zergling x6  
  197  10:24  Ravager x2  
  196  10:31  Baneling x8, Ravager x2  
  196  10:32  Baneling x8  
  198  10:40  Extractor, Drone x2  
  199  10:53  Baneling x11  
  199  10:54  Baneling x3  
  195  11:07  Zergling x8  
  195  11:08  Zergling x8  
  170  11:22  Zergling x14  
  170  11:23  Zergling x34  
  167  11:31  Zergling x14  
  171  11:39  Roach x6  
  160  11:42  Roach x2  
  160  11:46  Roach  
  151  11:49  Roach  
  151  11:50  Roach  
  151  11:52  Roach x2  
  151  11:53  Baneling x7  
  157  11:57  Roach x3  
  157  11:58  Hatchery  
  162  12:03  Roach x5  
  162  12:05  Queen  
  162  12:06  Queen  
  170  12:08  Ravager  
  170  12:09  Ravager  
  170  12:12  Roach x6  
  170  12:14  Ravager x3  
  170  12:15  Baneling x12  
  180  12:26  Roach x8  
  181  12:33  Roach x3  
  181  12:34  Roach x2  
  169  12:39  Roach x4  
  148  12:46  Roach  
  148  12:47  Roach x5  
  148  12:49  Queen x3  
  162  12:51  Ravager  
  162  12:52  Zergling x16  
  162  12:56  Ravager  
  162  12:57  Zergling x6  
  175  13:00  Ravager  
  175  13:02  Queen  
  178  13:06  Zergling x6  
  181  13:14  Zergling x6  
  181  13:16  Baneling x8  
  181  13:17  Baneling x6  
  184  13:22  Zergling x16  
  184  13:26  Zergling x6  
  195  13:28  Zergling x2  
  196  13:35  Baneling x6  
  196  13:36  Baneling x9  
  196  13:39  Zergling x4  
  177  13:51  Zergling x2  
  177  13:52  Zergling x22  
  177  13:55  Baneling x13  
  185  14:01  Zergling x8  
  178  14:05  Zergling x14  
Show
View Real Time Build Order
Export as new Build Order

Creator Protoss 

Build Orders: 1 Gate Expand, Oracle Opening 

Get SALT Encoding   

  12  0:00  Probe  
  13  0:12  Probe  
  14  0:19  Pylon  
  14  0:24  Probe  
  15  0:37  Probe (Chrono Boost)  
  15  0:40  Gateway  
  16  0:46  Probe (Chrono Boost)  
  17  0:50  Assimilator  
  17  0:51  Probe (Chrono Boost)  
  18  1:03  Probe  
  19  1:16  Probe  
  20  1:28  Nexus  
  20  1:38  Cybernetics Core  
  20  1:41  Probe  
  21  1:48  Assimilator  
  21  1:53  Probe  
  22  1:56  Pylon  
  22  2:05  Probe  
  23  2:12  Adept (Chrono Boost)  
  25  2:17  Probe  
  25  2:20  Stargate  
  26  2:28  Warp Gate  
  27  2:30  Probe (Chrono Boost)  
  27  2:32  Adept (Chrono Boost)  
  29  2:40  Probe (Chrono Boost)  
  31  2:48  Probe (Chrono Boost)  
  31  2:49  Probe (Chrono Boost)  
  32  2:54  Probe x2 (Chrono Boost), Adept  
  36  3:03  Oracle (Chrono Boost)  
  36  3:06  Probe  
  36  3:09  Probe  
  41  3:17  Pylon  
  41  3:18  Probe  
  42  3:21  Probe  
  43  3:27  Adept  
  43  3:33  Probe  
  46  3:35  Probe  
  49  3:43  Void Ray (Chrono Boost)  
  49  3:46  Probe, Gateway  
  49  3:48  Probe  
  49  3:52  Pylon  
  49  4:03  Probe x2  
  49  4:07  Assimilator  
  51  4:10  Oracle (Chrono Boost)  
  51  4:11  Pylon  
  51  4:15  Probe x2  
  56  4:18  Adept  
  58  4:31  Nexus  
  58  4:32  Probe x2  
  58  4:33  Pylon  
  60  4:38  Assimilator  
  60  4:41  Oracle  
  60  4:45  Probe x2  
  63  4:52  Pylon  
  64  4:54  Forge  
  64  4:59  Adept x2  
  68  5:01  Probe x2  
  70  5:13  Probe (Chrono Boost), Robotics Facility  
  72  5:19  Probe (Chrono Boost)  
  72  5:20  Adept x2  
  76  5:23  Probe (Chrono Boost), Pylon  
  76  5:27  Probe (Chrono Boost)  
  79  5:35  Probe (Chrono Boost)  
  79  5:39  Probe (Chrono Boost)  
  79  5:41  Shield Battery  
  80  5:44  Probe (Chrono Boost)  
  80  5:45  Sentry  
  80  5:46  Protoss Ground Weapons Level 1, Sentry  
  80  5:49  Twilight Council  
  87  5:51  Probe (Chrono Boost)  
  87  5:52  Probe (Chrono Boost), Gateway  
  87  5:54  Probe (Chrono Boost)  
  88  6:00  Probe (Chrono Boost)  
  88  6:03  Probe  
  86  6:04  Immortal (Chrono Boost)  
  86  6:05  Probe  
  86  6:11  Probe  
  93  6:12  Assimilator  
  93  6:13  Pylon  
  93  6:14  Assimilator  
  93  6:16  Probe  
  93  6:17  Probe  
  95  6:23  Probe, Pylon  
  92  6:27  Charge  
  92  6:28  Probe  
  92  6:29  Probe, Zealot, Templar Archives, Sentry  
  98  6:37  Probe  
  98  6:40  Probe  
  98  6:41  Probe, Warp Prism (Chrono Boost)  
  102  6:49  Probe  
  102  6:55  Gateway x2  
  102  6:56  Gateway  
  102  6:59  Zealot x3  
  108  7:17  Nexus  
  108  7:19  Pylon  
  108  7:21  Observer  
  108  7:22  Robotics Facility, Robotics Bay  
  109  7:25  Probe x3  
  109  7:27  Photon Cannon  
  112  7:32  Zealot x3  
  112  7:35  Gateway  
  118  7:37  Gateway  
  118  7:40  Probe x3  
  121  7:47  Protoss Ground Weapons Level 2 (Chrono Boost)  
  120  7:51  Pylon  
  120  7:54  Pylon  
  118  7:58  High Templar  
  118  7:59  High Templar x2  
  118  8:01  Pylon  
  118  8:03  Pylon, Gateway  
  118  8:04  Probe, Archon  
  125  8:09  Probe x2, Pylon  
  125  8:10  Colossus (Chrono Boost)  
  125  8:12  Colossus (Chrono Boost)  
  139  8:23  High Templar  
  139  8:25  Probe  
  139  8:26  Probe x2  
  144  8:28  Archon  
  144  8:30  Probe  
  144  8:31  Shield Battery  
  144  8:33  Photon Cannon  
  144  8:34  Extended Thermal Lance  
  145  8:45  High Templar x2  
  149  8:51  Archon, Assimilator  
  149  8:52  Assimilator  
  149  8:53  Pylon  
  155  8:56  Colossus (Chrono Boost)  
  155  8:58  Colossus (Chrono Boost)  
  155  8:59  Zealot  
  155  9:01  Photon Cannon  
  160  9:04  Shield Battery  
  160  9:08  Gateway, Photon Cannon  
  160  9:13  Photon Cannon  
  160  9:18  Pylon  
  160  9:30  Zealot x2  
  164  9:32  Photon Cannon  
  164  9:34  Photon Cannon  
  164  9:37  Zealot x2, Colossus (Chrono Boost)  
  168  9:44  High Templar x2  
  168  9:45  Immortal (Chrono Boost)  
  172  9:48  Archon  
  172  9:53  High Templar x2  
  172  9:57  Archon  
  164  10:05  Stalker  
  164  10:06  Stalker x3  
  142  10:12  Zealot x2  
  144  10:19  Photon Cannon  
  144  10:20  Pylon, Immortal (Chrono Boost), Protoss Ground Weapons Level 3 (Chrono Boost)  
  146  10:23  Immortal (Chrono Boost)  
  150  10:29  High Templar x2  
  150  10:30  Pylon, Zealot x6  
  150  10:34  Archon  
  166  10:39  Pylon  
  166  10:43  Photon Cannon  
  166  10:44  Shield Battery  
  166  10:49  High Templar x2  
  170  10:50  Pylon  
  170  10:58  Archon  
  170  11:00  Immortal (Chrono Boost)  
  170  11:03  Observer (Chrono Boost)  
  175  11:04  Sentry  
  175  11:05  Zealot, Stalker  
  175  11:25  Stalker x5  
  134  11:30  Probe x4  
  132  11:43  Immortal (Chrono Boost)  
  132  11:44  Zealot x4  
  132  11:45  Zealot  
  146  11:48  High Templar x2  
  146  11:49  Zealot x3  
  146  11:53  Archon  
  144  12:12  High Templar x2, Zealot, Stalker  
  144  12:13  Zealot x5  
  158  12:16  Archon  
  155  12:25  Zealot  
  149  12:36  Zealot x7  
  123  12:43  Observer  
  98  12:45  Zealot x2  
  97  13:00  High Templar x4  
  97  13:01  Zealot x3, Stalker  
  97  13:04  Archon  
  97  13:05  Archon  
  113  13:06  High Templar x2  
  113  13:10  Archon  
  117  13:19  High Templar x2  
  121  13:23  Zealot, Archon  
  123  13:28  Nexus  
  123  13:29  Sentry  
  123  13:32  Sentry  
  123  13:33  Zealot x2  
  131  13:38  Zealot  
  115  13:50  High Templar x2, Zealot x3  
  115  13:54  Archon  
  125  14:01  Zealot x3  
  121  14:04  High Templar  
  121  14:05  High Templar  
  119  14:10  Archon  
  119  14:15  Zealot x3  
  99  14:22  Zealot x2  
Tags
 
Add a new tag
Caveats
  • Supply blocks, unpowered buildings, or Contaminate may cause inaccurate times.
  • Supply counts are checked every 10 seconds.